Map: King's Cove LE

Players

Harstem

  • Race: Protoss Protoss
  • League: Grandmaster
  • Spawn Location: 5:00

Lambo - Winner!

  • Race: Zerg Zerg
  • League: Master
  • Spawn Location: 11:00

Event: QLASH StarCraft II Invitational 2 Offline Finals

VOD

Have the link to the VOD?

Description

Time

  • Played on: July 27, 2019, 12:36 p.m.
  • Length: 29:18

All games in this series

Show
View Real Time Build Order
Export as new Build Order

Harstem Protoss 

Build Orders: 1 Gate Expand, Oracle Opening, Zealot Archon 

Get SALT Encoding   

  12  0:00  Probe  
  13  0:13  Probe  
  14  0:20  Pylon  
  14  0:25  Probe  
  15  0:34  Probe  
  15  0:38  Gateway  
  15  0:42  Probe  
  17  0:52  Probe  
  17  0:55  Assimilator  
  18  1:04  Probe  
  19  1:16  Probe  
  20  1:27  Nexus  
  20  1:36  Cybernetics Core  
  20  1:38  Probe  
  21  1:48  Assimilator  
  21  1:50  Probe  
  22  1:57  Pylon  
  22  2:02  Probe  
  22  2:05  Adept  
  25  2:18  Probe  
  26  2:26  Stargate, Adept  
  26  2:30  Probe  
  26  2:36  Probe  
  29  2:40  Warp Gate  
  29  2:42  Probe  
  29  2:44  Probe  
  32  2:54  Probe x2  
  34  3:00  Oracle  
  34  3:06  Probe x2  
  39  3:18  Probe x2  
  39  3:19  Pylon  
  41  3:23  Stalker  
  41  3:24  Gateway  
  43  3:30  Probe x2  
  45  3:35  Oracle  
  45  3:42  Probe x2  
  45  3:44  Assimilator  
  45  3:46  Assimilator  
  50  3:52  Pylon  
  50  3:54  Forge, Probe  
  51  3:58  Probe  
  52  4:06  Probe  
  52  4:09  Robotics Facility  
  53  4:11  Probe  
  54  4:18  Probe  
  54  4:23  Probe  
  56  4:30  Probe  
  57  4:32  Protoss Ground Weapons Level 1  
  57  4:35  Probe  
  58  4:43  Probe  
  59  4:47  Nexus, Probe  
  59  4:50  Pylon  
  60  4:55  Probe  
  60  4:59  Probe  
  59  5:01  Immortal  
  59  5:06  Pylon  
  60  5:07  Probe  
  60  5:08  Twilight Council  
  60  5:11  Probe  
  60  5:14  Gateway  
  65  5:18  Gateway  
  65  5:19  Probe  
  66  5:23  Sentry, Probe  
  66  5:24  Pylon  
  66  5:28  Sentry  
  71  5:31  Probe  
  71  5:32  Pylon  
  71  5:33  Immortal  
  73  5:35  Probe  
  73  5:43  Probe  
  73  5:47  Probe  
  73  5:49  Pylon  
  79  5:52  Zealot  
  79  5:53  Zealot  
  79  5:55  Probe  
  79  5:57  Probe  
  84  5:58  Charge  
  84  5:59  Probe  
  86  6:04  Templar Archives  
  86  6:05  Probe  
  86  6:07  Probe  
  88  6:12  Probe  
  90  6:20  Assimilator  
  90  6:22  Probe  
  90  6:23  Assimilator  
  90  6:25  Probe  
  96  6:29  Protoss Ground Weapons Level 2  
  95  6:34  Templar Archives  
  95  6:37  Gateway  
  91  6:40  Gateway  
  91  6:42  Gateway  
  91  6:44  Gateway  
  91  6:47  Zealot  
  93  6:48  Phoenix  
  93  6:49  Probe  
  93  6:51  Pylon  
  95  6:54  Probe  
  95  6:56  Stalker  
  95  6:57  Stalker  
  100  7:05  Phoenix  
  100  7:10  Probe  
  100  7:13  Shield Battery  
  100  7:15  Photon Cannon  
  99  7:18  High Templar x2  
  99  7:21  Gateway  
  103  7:24  Gateway, Shield Battery  
  103  7:25  Archon  
  103  7:26  High Templar x2  
  107  7:30  Observer, Pylon  
  107  7:31  Archon  
  107  7:36  Probe  
  109  7:37  Psionic Storm  
  109  7:38  Zealot  
  109  7:39  Zealot x2  
  115  7:50  Probe  
  115  7:59  High Templar x2  
  115  8:00  Warp Prism, Probe  
  115  8:02  Nexus  
  115  8:04  Pylon x2  
  115  8:05  High Templar  
  124  8:13  High Templar  
  124  8:14  Probe  
  124  8:15  Zealot x3  
  133  8:20  Photon Cannon, Pylon  
  133  8:29  Probe  
  133  8:30  Photon Cannon  
  133  8:31  Probe, Photon Cannon  
  133  8:33  Probe  
  133  8:34  Immortal, Shield Battery  
  139  8:41  Probe  
  139  8:48  Probe  
  141  8:50  Assimilator  
  141  8:51  Protoss Ground Weapons Level 3  
  141  8:52  High Templar x2  
  141  8:53  Assimilator  
  145  9:01  Photon Cannon  
  143  9:03  Probe  
  143  9:06  Observer, Pylon  
  144  9:10  Probe  
  146  9:17  Fleet Beacon  
  146  9:18  Zealot x3  
  146  9:19  Zealot  
  146  9:22  Stargate  
  152  9:26  Warp Prism  
  152  9:30  Photon Cannon  
  154  9:31  Pylon  
  154  9:36  Protoss Air Weapons Level 1  
  154  9:41  Photon Cannon  
  154  9:42  Probe, Shield Battery  
  154  9:43  Probe, Photon Cannon  
  154  9:48  Gateway  
  152  10:06  Zealot x9  
  166  10:07  Tempest  
  171  10:14  Tempest  
  169  10:26  Zealot  
  158  10:37  Blink  
  158  10:38  Robotics Bay, Pylon  
  158  10:39  Observer  
  158  10:47  Nexus  
  158  10:49  High Templar x2, Assimilator, Pylon  
  161  10:50  High Templar x3  
  161  10:51  High Templar x3  
  161  10:52  Zealot x3, Assimilator  
  161  10:54  Pylon  
  161  10:55  Pylon, Archon  
  177  10:57  Archon x2  
  177  11:01  Tempest  
  175  11:05  Pylon  
  175  11:06  Observer  
  175  11:11  Tempest  
  176  11:20  Probe, Photon Cannon  
  176  11:22  Photon Cannon  
  176  11:23  Photon Cannon  
  176  11:24  Shield Battery  
  182  11:32  Archon  
  180  11:44  Tempest  
  183  11:54  Tempest  
  188  12:06  Probe  
  189  12:09  Probe  
  189  12:13  High Templar  
  188  12:17  Gravitic Drive  
  188  12:18  Mothership  
  188  12:21  Protoss Shields Level 1  
  196  12:31  Observer, Photon Cannon  
  196  12:35  Shield Battery  
  188  12:39  Photon Cannon  
  188  12:40  Zealot x6  
  200  12:55  Warp Prism  
  192  13:10  Zealot x8  
  192  13:11  Zealot  
  192  13:30  Warp Prism  
  190  13:46  Stalker x11  
  190  13:47  Nexus  
  190  13:48  Pylon  
  200  13:50  Assimilator  
  200  13:52  Assimilator  
  200  14:01  Warp Prism  
  191  14:30  Warp Prism  
  177  14:42  Zealot x11  
  197  15:06  Warp Prism  
  199  15:10  Photon Cannon  
  199  15:11  Photon Cannon  
  199  15:13  Photon Cannon x2  
  199  15:15  Photon Cannon  
  193  15:39  Zealot x8  
  199  15:53  Photon Cannon  
  199  15:56  Zealot x2  
  195  16:01  Warp Prism  
  158  16:30  Oracle x2  
  164  16:33  Protoss Shields Level 2  
  164  16:38  Zealot x5  
  174  16:40  Zealot x6  
  168  16:58  Stalker  
  168  16:59  Zealot x4  
  170  17:01  Zealot x4  
  170  17:06  Observer  
  170  17:08  Zealot x2  
  176  17:14  Probe  
  160  17:19  Warp Prism  
  150  17:30  High Templar  
  150  17:31  High Templar x5  
  150  17:35  Probe  
  150  17:36  Protoss Air Weapons Level 2  
  163  17:40  Photon Cannon  
  163  17:45  High Templar x4  
  163  17:46  Warp Prism, Zealot, Shield Battery  
  163  17:50  Archon x2  
  172  18:03  Zealot x6  
  184  18:06  Zealot  
  184  18:15  Observer  
  185  18:32  Zealot x4  
  185  18:33  Zealot x3, Gravitic Boosters  
  199  18:34  Observer  
  198  18:44  Assimilator  
  198  18:45  Nexus, Assimilator, Pylon  
  198  18:51  Observer  
  191  18:58  Zealot x5  
  199  19:06  Warp Prism  
  189  19:20  Photon Cannon  
  189  19:22  Shield Battery  
  185  19:26  Photon Cannon  
  185  19:27  Photon Cannon  
  185  19:31  Protoss Shields Level 3  
  185  19:51  Carrier  
  164  20:01  Carrier  
  164  20:06  Stargate  
  174  20:07  Stargate  
  174  20:08  Stargate  
  174  20:18  Zealot x11  
  175  20:48  Carrier  
  175  20:49  Carrier  
  165  20:50  Zealot x5  
  165  20:51  Zealot x6  
  165  20:56  Carrier  
  180  21:07  Carrier  
  180  21:08  Warp Prism  
  177  21:11  Carrier  
  177  21:15  Mothership  
  177  21:16  High Templar x4  
  182  21:30  Protoss Air Weapons Level 3  
  163  21:35  Zealot  
  163  21:36  Zealot x6  
  162  21:43  Carrier  
  170  21:56  Carrier  
  170  21:58  Observer  
  170  22:00  Carrier  
  172  22:08  Carrier  
  167  22:11  Robotics Facility  
  171  22:16  Observer  
  171  22:21  Protoss Ground Armor Level 1  
  172  22:26  Carrier  
  158  22:31  Warp Prism  
  158  22:37  Carrier  
  158  22:43  High Templar x4  
  168  22:50  Carrier  
  168  22:51  High Templar  
  176  22:57  Warp Prism  
  179  23:12  High Templar x4  
  186  23:26  Warp Prism  
  186  23:32  Carrier  
  187  23:35  High Templar  
  187  23:36  High Templar x2  
  189  23:43  Carrier  
  189  23:47  Oracle  
  189  23:50  Nexus  
  195  23:58  Photon Cannon  
  195  24:00  Photon Cannon  
  195  24:02  Photon Cannon  
  200  24:09  Protoss Air Armor Level 1  
  200  24:10  Pylon  
  193  24:25  Nexus  
  193  24:29  Observer  
  191  24:34  High Templar x4  
  196  24:45  Oracle  
  196  24:47  Oracle  
  200  25:13  Observer  
  196  25:34  Observer  
  197  25:56  Observer  
  192  26:13  Carrier  
  192  26:16  Carrier  
  169  26:26  Nexus  
  169  26:29  Carrier  
  169  26:31  High Templar x2  
  169  26:32  High Templar x8  
  177  26:33  High Templar  
  177  26:35  Carrier  
  172  27:04  High Templar  
  172  27:05  High Templar x4  
  172  27:06  High Templar, Zealot x5  
  194  27:14  Archon x3  
  194  27:28  Zealot  
  194  27:29  Zealot x2  
  187  27:59  Warp Prism  
  176  28:17  Oracle  
  177  28:28  High Templar x3  
  177  28:29  High Templar, Zealot x2  
  177  28:30  Zealot  
  191  28:35  Warp Prism  
  189  28:45  Archon x2  
  189  28:47  Probe  
  184  28:52  Zealot x5  
Show
View Real Time Build Order
Export as new Build Order

Lambo Zerg - Winner!

Build Orders: Hatch First, Brood Lord Corruptor 

Get SALT Encoding   

  12  0:01  Drone  
  13  0:13  Overlord  
  13  0:19  Drone  
  14  0:32  Drone x2  
  16  0:50  Hatchery  
  16  0:53  Drone  
  16  0:57  Drone  
  16  1:00  Drone  
  18  1:11  Extractor  
  18  1:15  Spawning Pool  
  16  1:18  Drone  
  16  1:22  Drone  
  18  1:29  Drone  
  19  1:40  Drone  
  20  1:52  Overlord  
  20  2:02  Queen x2  
  20  2:03  Zergling x4  
  26  2:12  Drone x2  
  28  2:15  Metabolic Boost  
  28  2:23  Drone  
  28  2:25  Drone  
  30  2:33  Drone  
  31  2:41  Hatchery  
  31  2:43  Drone  
  31  2:46  Drone  
  31  2:50  Overlord  
  32  2:57  Queen  
  34  3:02  Drone x2  
  36  3:11  Drone x2  
  38  3:13  Drone x2  
  38  3:14  Overlord  
  38  3:18  Drone  
  41  3:21  Drone  
  41  3:22  Drone  
  41  3:25  Overlord  
  43  3:30  Spore Crawler  
  43  3:32  Drone  
  43  3:36  Queen  
  43  3:40  Spore Crawler  
  44  3:45  Zergling x6  
  44  3:48  Drone x2  
  49  3:51  Drone  
  49  3:54  Drone  
  51  3:57  Overlord  
  51  3:58  Drone  
  52  4:05  Drone  
  52  4:07  Drone x4  
  52  4:09  Spore Crawler  
  56  4:13  Drone  
  56  4:14  Drone  
  56  4:16  Queen  
  60  4:23  Drone, Roach Warren  
  60  4:24  Drone  
  60  4:26  Drone  
  60  4:28  Drone  
  60  4:29  Drone  
  64  4:31  Overlord  
  64  4:36  Extractor  
  64  4:37  Extractor  
  62  4:43  Drone x2  
  62  4:45  Overlord  
  64  4:46  Lair  
  64  4:47  Drone x2  
  64  4:52  Overlord  
  66  4:54  Drone x4  
  66  4:56  Drone  
  66  4:57  Drone  
  66  4:59  Drone  
  71  5:00  Drone  
  71  5:04  Drone, Evolution Chamber  
  71  5:05  Drone  
  72  5:07  Drone  
  72  5:08  Drone  
  72  5:11  Drone  
  75  5:17  Extractor  
  75  5:18  Drone, Extractor  
  75  5:19  Drone x2  
  75  5:21  Drone x2  
  78  5:25  Extractor  
  77  5:30  Hatchery  
  77  5:31  Drone x4  
  77  5:34  Zerg Missile Weapons Level 1  
  80  5:42  Drone x3  
  83  5:45  Roach x3  
  89  5:50  Spire  
  89  5:51  Overlord  
  89  5:54  Overlord  
  88  6:01  Overseer, Overlord  
  88  6:02  Roach, Baneling Nest  
  88  6:04  Overlord  
  89  6:06  Overlord  
  89  6:10  Zergling x4  
  89  6:11  Zergling x6  
  94  6:24  Zergling x14  
  101  6:32  Overlord  
  101  6:35  Overlord  
  100  6:40  Overlord  
  100  6:42  Overlord  
  100  6:43  Roach x4  
  108  6:48  Drone x4  
  108  6:50  Infestation Pit  
  110  6:55  Drone x6  
  110  6:56  Queen  
  118  7:03  Overlord  
  118  7:04  Drone x2  
  118  7:07  Roach x2, Zergling x4, Hydralisk Den  
  118  7:08  Zergling x2  
  125  7:14  Roach x3  
  130  7:17  Centrifical Hooks  
  130  7:18  Zerg Flyer Weapons Level 1  
  130  7:21  Drone  
  131  7:25  Drone x6  
  131  7:27  Extractor  
  136  7:33  Zerg Melee Weapons Level 1, Hive  
  136  7:37  Drone, Evolution Chamber  
  136  7:40  Drone x5  
  136  7:43  Hatchery  
  140  7:45  Muscular Augments  
  140  7:47  Ravager x3  
  140  7:51  Hydralisk x4  
  143  7:55  Hydralisk x2  
  154  8:03  Overlord  
  154  8:04  Pneumatized Carapace, Extractor  
  153  8:06  Overlord  
  153  8:11  Hydralisk x6  
  159  8:17  Zergling x14  
  165  8:24  Overseer  
  165  8:26  Zerg Missile Weapons Level 2  
  163  8:30  Glial Reconstitution  
  163  8:33  Hydralisk x4  
  163  8:34  Zergling x10  
  175  8:38  Drone  
  175  8:53  Zergling x16  
  183  9:00  Overlord  
  182  9:16  Adrenal Glands, Greater Spire  
  182  9:17  Zergling x16  
  190  9:24  Overlord  
  189  9:46  Corruptor x5  
  199  10:02  Baneling x18  
  199  10:05  Zergling x2  
  198  10:07  Baneling x14  
  198  10:19  Zergling x14  
  180  10:36  Brood Lord x5  
  180  10:37  Drone x10  
  180  10:40  Zerg Flyer Weapons Level 2, Extractor x2  
  180  10:42  Pathogen Glands, Queen  
  187  11:00  Zerg Melee Weapons Level 2  
  187  11:02  Zerg Missile Weapons Level 3, Drone x3  
  187  11:03  Drone x3  
  181  11:09  Corruptor x4  
  189  11:21  Overlord  
  189  11:22  Overlord  
  187  11:33  Queen x2  
  187  11:39  Neural Parasite  
  189  11:41  Drone x4  
  189  11:42  Drone x4  
  189  11:44  Spine Crawler  
  189  11:45  Spine Crawler x2  
  194  11:48  Infestor  
  194  11:49  Infestor x2  
  194  11:51  Spore Crawler, Burrow  
  194  11:52  Spore Crawler x2  
  194  11:53  Spore Crawler  
  196  11:56  Drone x4  
  200  12:02  Spore Crawler  
  200  12:03  Spore Crawler x4  
  200  12:07  Brood Lord x2  
  198  12:21  Drone  
  198  12:22  Spore Crawler, Spine Crawler x3  
  195  12:28  Queen  
  193  12:43  Corruptor x2  
  197  12:49  Infestor  
  199  12:53  Overlord  
  197  12:59  Overlord x2  
  197  13:11  Spine Crawler  
  197  13:12  Spine Crawler  
  187  13:14  Infestor x6  
  187  13:15  Spine Crawler  
  196  13:22  Infestor x2  
  200  13:31  Spore Crawler  
  200  13:32  Spore Crawler  
  200  13:33  Spore Crawler  
  197  13:34  Brood Lord  
  199  13:42  Overlord  
  199  13:46  Spore Crawler  
  199  13:48  Spore Crawler, Brood Lord x3  
  198  13:49  Spore Crawler  
  198  13:50  Spore Crawler, Overseer x2  
  198  13:53  Zerg Melee Weapons Level 3, Grooved Spines  
  198  13:54  Zerg Ground Armor Level 1  
  186  14:03  Zergling x28  
  199  14:14  Zergling x10  
  194  14:34  Infestor  
  196  14:44  Spore Crawler, Overlord  
  196  14:45  Spore Crawler x2  
  194  14:47  Overlord x2, Spine Crawler  
  194  14:48  Overlord  
  192  14:58  Spore Crawler  
  191  15:00  Spore Crawler x3  
  191  15:01  Overseer  
  191  15:02  Drone x2, Overlord  
  191  15:03  Queen x2  
  194  15:14  Mutalisk x2  
  194  15:19  Zerg Flyer Weapons Level 3  
  198  15:22  Drone  
  197  15:47  Lair  
  197  15:48  Spawning Pool  
  192  15:53  Hydralisk  
  192  15:54  Hydralisk x6  
  189  16:10  Drone x5  
  189  16:11  Drone  
  194  16:17  Drone x7  
  200  16:31  Zerg Ground Armor Level 2  
  200  16:37  Mutalisk  
  198  16:42  Mutalisk x2  
  196  16:53  Infestation Pit  
  191  16:56  Mutalisk x3  
  191  16:58  Zergling x10  
  191  17:01  Hydralisk Den  
  190  17:03  Zergling x20  
  190  17:07  Hatchery, Extractor  
  189  17:09  Extractor  
  189  17:11  Zergling x14  
  191  17:21  Drone x7  
  191  17:22  Queen  
  200  17:28  Overseer x2  
  200  17:29  Overseer  
  200  17:42  Spine Crawler x2  
  198  17:48  Overlord  
  198  17:50  Overlord  
  198  17:51  Overlord  
  198  17:57  Spine Crawler  
  198  17:58  Infestor  
  199  18:04  Overlord  
  187  18:12  Infestor x6  
  198  18:35  Overlord x2  
  198  18:49  Drone  
  199  19:08  Drone x2  
  199  19:26  Spore Crawler  
  199  19:27  Spore Crawler  
  199  19:29  Spore Crawler x2  
  199  19:31  Spore Crawler  
  194  19:39  Drone x3  
  194  19:42  Spine Crawler  
  194  19:43  Spore Crawler  
  190  20:05  Infestor x2  
  190  20:06  Infestor x2  
  198  20:09  Zerg Flyer Armor Level 1  
  198  20:10  Drone x2  
  200  20:22  Spore Crawler x2  
  200  20:24  Spore Crawler  
  200  20:25  Spore Crawler  
  200  20:26  Spine Crawler  
  165  20:46  Infestor x11  
  165  20:47  Infestor  
  187  20:58  Infestor x7  
  187  21:00  Hydralisk x4  
  193  21:15  Zergling x14  
  193  21:32  Corruptor x2  
  193  21:33  Corruptor  
  193  21:35  Hydralisk  
  193  21:36  Hydralisk x3  
  191  21:44  Corruptor x2  
  193  21:49  Hydralisk x2  
  193  21:50  Hydralisk x2  
  200  21:58  Spine Crawler  
  200  22:00  Spine Crawler x2  
  196  22:01  Drone x4  
  196  22:06  Corruptor x2  
  200  22:09  Spine Crawler  
  200  22:10  Spine Crawler  
  200  22:15  Zerg Flyer Armor Level 2  
  198  22:17  Spire, Brood Lord  
  198  22:19  Overseer  
  198  22:20  Overseer x3  
  199  22:50  Infestor x10  
  199  22:51  Infestor x25  
  199  23:17  Corruptor x2  
  199  23:27  Infestor  
  199  23:31  Corruptor x11  
  199  24:00  Hatchery  
  199  24:02  Extractor  
  197  24:23  Corruptor  
  199  24:40  Drone  
  200  25:09  Spore Crawler  
  200  25:10  Spore Crawler x3  
  200  25:12  Spore Crawler  
  195  25:27  Corruptor x4  
  198  25:40  Infestor x2  
  198  25:41  Infestor x3  
  199  25:49  Spore Crawler x2  
  192  25:50  Spore Crawler  
  192  25:52  Spore Crawler, Overseer x6  
  130  26:26  Corruptor x10  
  156  26:34  Infestor x5  
  156  26:38  Infestor  
  162  26:50  Infestor  
  164  27:06  Infestor  
  162  27:19  Infestor  
  162  27:44  Infestor  
  150  28:26  Corruptor  
Tags
 
Add a new tag
Caveats
  • Supply blocks, unpowered buildings, or Contaminate may cause inaccurate times.
  • Supply counts are checked every 10 seconds.